 Dungeon Crawl Stone Soup version 0.18.1-50-g88ac8fd (webtiles) character file.

1094 magog001 the Ducker (level 8, -4/54 HPs)
             Began as a Halfling Assassin on May 25, 2017.
             Slain by Menkaure (17 damage)
             ... on level 5 of the Dungeon.
             The game lasted 00:54:59 (7601 turns).

magog001 the Ducker (Halfling Assassin)             Turns: 7601, Time: 00:55:00

Health: -4/54      AC:  5    Str: 12    XL:     8   Next: 57%
Magic:  8/8        EV: 19    Int: 13    God:
Gold:   271        SH:  2    Dex: 17    Spells: 0 memorised, 7 levels left

rFire  . . .     SeeInvis .     a - +2 dagger
rCold  . . .     Gourm    .     c - +0 robe
rNeg   . . .     Faith    .     (shield restricted)
rPois  .         Spirit   .     (no helmet)
rElec  .         Dismiss  +     C - +0 cloak
rCorr  .         Reflect  .     (no gloves)
SustAt .         Harm     .     (no boots)
MR     .....                    k - amulet of dismissal
Stlth  ++++......               A - +3 ring of intelligence
                                v - ring of wizardry

@: not resistant to hostile enchantments, stealthy
A: large bone plates 1, mutation resistance 1
a: no special abilities


You were on level 5 of the Dungeon.
You were not hungry.

You visited 1 branch of the dungeon, and saw 5 of its levels.
You also visited: Sewer.

You collected 271 gold pieces.

Inventory:

Hand Weapons
 a - a +2 dagger (weapon)
 b - a +0 blowgun
 q - a +1 hunting sling
Missiles
 i - 6 javelins
 m - 8 tomahawks
 w - 80 stones (quivered)
 x - 24 sling bullets
 y - 3 poisoned needles
Armour
 c - a +0 robe (worn)
 C - a +0 cloak (worn)
Jewellery
 k - an amulet of dismissal (around neck)
 v - a ring of wizardry (left hand)
 A - a +3 ring of intelligence (right hand)
Wands
 z - a wand of random effects (13/48)
Scrolls
 e - 2 scrolls of remove curse
 g - a scroll of blinking
 l - a scroll of fear
 o - a scroll of identify
 p - a scroll of recharging
 r - 6 scrolls of teleportation
Potions
 d - a potion of cancellation {unknown}
 h - 2 potions of flight
 n - a potion of heal wounds
 u - 2 potions of might
 B - a potion of brilliance
Comestibles
 j - a bread ration
 s - 7 chunks of flesh


   Skills:
 * Level 3.7 Fighting
 + Level 3.6 Short Blades
 * Level 6.1(6.9) Slings
 - Level 3.5(4.7) Throwing
 * Level 6.5 Dodging
 * Level 5.9 Stealth


You had 7 spell levels left.
You didn't know any spells.

Dungeon Overview and Level Annotations

Branches:
Dungeon (5/15)             Temple (0/1) D:4

Altars:
Kikubaaqudgha
Makhleb
Pakellas
Sif Muna
Trog
Xom

Annotations:
D:5 Menkaure, Sigmund


Innate Abilities, Weirdness & Mutations

You are small and have problems with some larger weapons.
You are somewhat resistant to further mutation.
You are partially covered in large bone plates (AC +2, SH +2).


Message History

Menkaure is moderately damaged.
Menkaure completely misses you.
You hit Menkaure.
Menkaure is moderately damaged.
Menkaure completely misses you.
You hit Menkaure.
Menkaure is heavily damaged.
Menkaure closely misses you.
You hit Menkaure.
Menkaure is heavily damaged.
Menkaure completely misses you.
You hit Menkaure.
Menkaure is severely damaged.
Menkaure calls on the powers of darkness!
Your body is wracked with pain!
* * * LOW HITPOINT WARNING * * *
You hit Menkaure.
Menkaure is severely damaged.
Menkaure hits you!
You die...

**,* #.... **,,****##.#..
*,,***,,,..##.
*,,,,,,***#...
########****,,#**#####...
#......#*,,,,.#**#<......
#......#*,,,..#....###...
#......####.....####*####
#.......@M)(.(#,,,,,##≈..
#......####......,,,#.≈..
#......# *,..###**,#.≈#≈
#......# *,,.# **#≈≈#≈
#####.### *,,,# #≈≈#≈
##......## ***** #≈≈#≈
##.......>## #.≈#≈
#.>........# ##≈≈#≈
#..........# #.≈.##


You could see Menkaure.

Vanquished Creatures
  Edmund (D:3)
  Purgy (Sewer)
  An ogre (D:4)
  2 scorpions (D:4)
  A howler monkey (D:4)
  3 vampire bats (D:2)
  3 orc priests
  A gnoll shaman (D:5)
  An orc wizard (D:3)
  A centaur skeleton (D:3)
  3 worker ants
  A hound zombie (D:5)
  7 gnolls
  4 adders
  2 shadow imps
  3 oozes
  4 worms
  2 dart slugs (D:2)
  7 giant geckos
  17 orcs
  9 bats
  2 bat skeletons (D:2)
  3 bat zombies (D:2)
  3 giant cockroaches
  12 goblins
  6 hobgoblins
  5 jackals
  5 kobolds
  2 quokkas
  5 ball pythons
  A giant gecko skeleton (D:4)
  19 giant newts
  9 rats
  A plant (D:1)
147 creatures vanquished.

Vanquished Creatures (others)
  An orc (D:5)
1 creature vanquished.

Grand Total: 148 creatures vanquished

Notes
Turn   | Place    | Note
--------------------------------------------------------------
     0 | D:1      | magog001 the Halfling Assassin began the quest for the Orb.
     0 | D:1      | Reached XP level 1. HP: 14/14 MP: 1/1
   133 | D:1      | Reached XP level 2. HP: 15/19 MP: 2/2
   625 | D:1      | Reached skill level 5 in Stealth
   649 | D:1      | Reached XP level 3. HP: 24/24 MP: 3/3
  1388 | D:2      | Reached XP level 4. HP: 26/29 MP: 4/4
  2064 | D:2      | Found an oddly glowing altar of Pakellas.
  2309 | D:2      | Reached XP level 5. HP: 32/34 MP: 5/5
  2318 | D:2      | Found an ancient bone altar of Kikubaaqudgha.
  2371 | D:2      | Gained mutation: Your spells are a little harder to cast, but a little more powerful. [potion of mutation]
  2371 | D:2      | Lost mutation: Your spells are a little harder to cast, but a little more powerful. [potion of mutation]
  2373 | D:2      | Gained mutation: You are partially covered in large bone plates (AC +2, SH +2). [potion of beneficial mutation]
  2375 | D:2      | Reached skill level 1 in Slings
  2405 | D:2      | Reached XP level 6. HP: 16/41 MP: 6/6
  2701 | D:2      | Found a bloodstained altar of Trog.
  4328 | D:4      | Noticed Edmund
  4366 | D:3      | Killed Edmund
  4366 | D:3      | Reached XP level 7. HP: 24/45 MP: 7/7
  4830 | D:4      | Reached skill level 5 in Slings
  5211 | D:4      | Found a burning altar of Makhleb.
  5282 | D:4      | Found a shimmering altar of Xom.
  5320 | D:4      | Reached skill level 5 in Dodging
  5531 | D:4      | Reached XP level 8. HP: 31/52 MP: 8/8
  5689 | D:4      | Found a staircase to the Ecumenical Temple.
  5754 | D:4      | Found a deep blue altar of Sif Muna.
  5906 | D:5      | Entered Level 5 of the Dungeon
  5926 | D:5      | Noticed Sigmund
  6254 | D:5      | Found a glowing drain.
  6261 | Sewer    | Entered a sewer
  6459 | Sewer    | Noticed Purgy
  6502 | Sewer    | Killed Purgy
  7582 | D:5      | Noticed Menkaure
  7601 | D:5      | Slain by Menkaure

Skill      XL: |  1  2  3  4  5  6  7  8 |
---------------+-------------------------+-----
Short Blades   | 3 |  3.6
Stealth        | 5 |  5.9
Fighting       | 2 3 |  3.7
Throwing       | 3 |  3.5
Dodging        | 2 3 4 5 6 |  6.5
Slings         | 1 4 5 6 |  6.1

Action                   |  1- 3 |  4- 6 |  7- 9 || total
-------------------------+-------+-------+-------++-------
Melee: Dagger            |    37 |   145 |   303 ||   485
 Fire: Blowgun           |    65 |    26 |    29 ||   120
       Hunting sling     |       |    97 |    54 ||   151
  Use: Potion            |       |     5 |     6 ||    11
       Scroll            |       |    10 |     9 ||    19
 Stab: Sleeping          |       |     3 |     1 ||     4
       Distracted        |       |     1 |       ||     1
  Eat: Chunk             |     1 |     5 |     2 ||     8
       Bread ration      |       |     1 |     2 ||     3
Armor: Robe              |    12 |    64 |    50 ||   126
Dodge: Dodged            |    33 |   244 |   254 ||   531
Block: Other             |       |    13 |    15 ||    28
